 Dungeon Sprint DCSS version 0.30.0-30-g96aa6591b8 (webtiles) character file.

Game seed: 11473343928503719785

7518 ChadusMaximus the Severer (level 10, 0/107 HPs)
             Began as a Minotaur Fighter on June 26, 2023.
             Was a High Priest of Okawaru.
             Slain by a redback (10 damage)
             ... in the Dungeon (Sprint I: "Red Sonja").
             The game lasted 00:03:18 (1390 turns).

ChadusMaximus the Severer (Minotaur Fighter)        Turns: 1390, Time: 00:03:19

Health: 0/107      AC:  2    Str: 23      XL:     10   Next: 95%
Magic:  13/14      EV: 13    Int:  2 (3)  God:    Okawaru [*****.]
Gold:   211        SH:  8    Dex: 10      Spells: 9/9 levels left

rFire   . . .        a - +0 war axe
rCold   . . .        c - +0 buckler
rNeg    . . .        b - +0 scale mail
rPois   .            n - +2 hat of Pylyid {Slay+6 Stlth+}
rElec   .            (no cloak)
rCorr   .            (no gloves)
SInv    .            (no boots)
Will    .....        (no amulet)
Stlth   ++           (no ring)
HPRegen 0.00/turn    (no ring)
MPRegen 0.14/turn

%: no teleportation, random rage (9%)
@: lethally poisoned (0 -> -54), heroic, corroded, on berserk cooldown,
inhibited regen, slowed, very slow
A: horns 2, retaliatory headbutt, berserk 2, deformed body, deterioration 1,
dopey 1, screaming 1, inhibited regeneration, weak 1, subdued magic 1,
devolution 1
a: Renounce Religion, Heroism, Finesse


You were in the Dungeon.
You worshipped Okawaru.
Okawaru was extremely pleased with you.
You visited 1 branch You collected 937 gold pieces.
You spent 726 gold pieces at shops.

Inventory:

Hand Weapons
 a - a +0 war axe (weapon)
Armour
 b - a +0 scale mail (worn)
 c - a +0 buckler (worn)
 n - the +2 hat of Pylyid (worn) {Slay+6 Stlth+}
   (You bought it in a shop in the Dungeon)

   Slay:      It affects your accuracy & damage with ranged weapons and melee
   (+6).
   Stlth:     It makes you more stealthy.
Wands
 d - a wand of quicksilver (11)
Scrolls
 j - a scroll of blinking
 k - 3 scrolls of identify
 l - a scroll of amnesia
Potions
 e - a potion of degeneration
 g - a potion of haste
 h - 2 potions of magic
 i - a potion of berserk rage
 m - 2 potions of curing


   Skills:
 + Level 15.9(20.9) Fighting
 + Level 16.7(21.7) Axes
 + Level 15.2(20.2) Armour
 - Level 3.3(8.3) Dodging
 + Level 14.2(19.2) Shields
 + Level 7.0 Invocations


You had 9 spell levels left.
You didn't know any spells.
Your spell library was empty.

Dungeon Overview and Level Annotations

Branches:
Dungeon (1/1)

Altars:
Cheibriados
Dithmenos
Elyvilon
Fedhas
Gozag
Hepliaklqana
Kikubaaqudgha
Makhleb
Nemelex Xobeh
Okawaru
Qazlal
Ru
Sif Muna
Trog
Uskayaw
Vehumet
Wu Jian
Xom
Yredelemnul
Zin
The Shining One
Jiyva
Lugonu

Shops:
D (?((=?[


Innate Abilities, Weirdness & Mutations

You have a pair of horns on your head.
You reflexively headbutt those who attack you in melee.
You have an uncontrollable temper.
Armour fits poorly on your strangely shaped body.
Your body sometimes deteriorates upon taking damage.
You are dopey. (Int -2)
You occasionally shout uncontrollably at your foes.
You do not regenerate when monsters are visible.
You are weak. (Str -2)
Your spells are a little easier to cast, but a little less powerful.
You have hidden genetic defects.


Message History

You slash the oklob plant!
You destroy the oklob plant!
Okawaru accepts your kill.
You feel your strength returning.
Your Invocations skill increases to level 7!
The door flies open with a bang!
You feel a strong urge to attack something.
Found 54 gold pieces. 2 redbacks come into view.
Found 54 gold pieces.
You are no longer berserk.
You are exhausted.
You feel yourself slow down.
There is an open door here.
You block the redback's attack.
You see here 27 gold pieces.
You hit the redback but do no damage. The redback bites you! x2
You are poisoned.
The redback poisons you!
You hit the redback. Your headbutt misses the redback.
The redback is lightly wounded.
You feel extremely sick.
You feel extremely sick. The redback misses you. The redback bites you. x2
* * * LOW HITPOINT WARNING * * *
You block the redback's attack.
You see here 27 gold pieces.
You closely miss the redback. You slash the redback!
* * * LOW HITPOINT WARNING * * *
You feel extremely sick.
The redback closely misses you. x2; The redback bites you.
* * * LOW HITPOINT WARNING * * *
You are more poisoned.
The redback poisons you! The redback bites you!
* * * LOW HITPOINT WARNING * * *
You feel much better.
* * * LOW HITPOINT WARNING * * *
You feel extremely sick. The redback bites you!
You die...

'..#..'..'..#)..#
#####'#__####...+
#...#(####§(#####
#..##.#)§~§§#§.#
##'#_)'~§~§§§..#
.'..._#~§§§.#..#
##_.#'##§#####'###
###'#(#§..)###.s$#
###.####'###.###@#
.'...'.....'.∩##s#
##...###########$#
###.### #§#
#.#'#.# +§#
#.....# #.()..#
####### #


You could see 2 redbacks.

Vanquished Creatures
  2 centaur warriors (D)
  Sonja (D)
  A deep troll (D)
  An oklob plant (D)
  8 shining eyes (D)
  2 kobold demonologists (D)
  A hornet (D)
  A slime creature (D)
  Sigmund (D)
  A yak (D)
  5 floating eyes (D)
  An ogre (D)
  A jelly (D)
  Ijyb (D)
  A ballistomycete spore (D)
28 creatures vanquished.

Vanquished Creatures (others)
  A ballistomycete spore (D)
1 creature vanquished.

Grand Total: 29 creatures vanquished

Notes
Turn   | Place    | Note
-------+----------+-------------------------------------------
     0 | D        | ChadusMaximus the Minotaur Fighter began the quest for the
                  | Orb.
     0 | D        | Reached XP level 1. HP: 19/19 MP: 0/0
     2 | D        | Noticed Ijyb
     5 | D        | Killed Ijyb
     6 | D        | Reached skill level 5 in Fighting
     6 | D        | Reached skill level 3 in Axes
     6 | D        | Reached skill level 5 in Armour
     6 | D        | Reached skill level 5 in Shields
     6 | D        | Reached XP level 2. HP: 29/29 MP: 1/1
     9 | D        | Noticed an ogre
    12 | D        | Killed an ogre
    13 | D        | Reached skill level 4 in Axes
    13 | D        | Reached XP level 3. HP: 39/39 MP: 2/2
    13 | D        | Reached XP level 4. HP: 47/47 MP: 3/3
    15 | D        | Noticed Sigmund
    19 | D        | Killed Sigmund
    20 | D        | Reached skill level 6 in Axes
    20 | D        | Reached XP level 5. HP: 54/57 MP: 4/4
    20 | D        | Reached XP level 6. HP: 60/63 MP: 5/5
    32 | D        | Found an ornate altar of the Wu Jian Council.
    32 | D        | Found a shimmering blue altar of Sif Muna.
    34 | D        | Found a radiant altar of Vehumet.
    40 | D        | Found Vuehigg's Antique Weapon Emporium.
    40 | D        | Found an ancient bone altar of Kikubaaqudgha.
    40 | D        | Found a hazy altar of Hepliaklqana.
    40 | D        | Found a stormy altar of Qazlal.
    40 | D        | Found a hide-covered altar of Uskayaw.
    40 | D        | Found a blossoming altar of Fedhas.
    40 | D        | Found a bloodstained altar of Trog.
    40 | D        | Found an iron altar of Okawaru.
    40 | D        | Found a basalt altar of Yredelemnul.
    40 | D        | Found a glowing golden altar of the Shining One.
    40 | D        | Found a snail-covered altar of Cheibriados.
    40 | D        | Found a sacrificial altar of Ru.
    40 | D        | Found a glowing silver altar of Zin.
    40 | D        | Found a shadowy altar of Dithmenos.
    40 | D        | Found a white marble altar of Elyvilon.
    40 | D        | Noticed a yak
    43 | D        | Killed a yak
    44 | D        | Reached skill level 10 in Fighting
    44 | D        | Reached skill level 7 in Axes
    44 | D        | Found an opulent altar of Gozag.
    45 | D        | Found a sparkling altar of Nemelex Xobeh.
    50 | D        | Became a worshipper of Warmaster Okawaru
    64 | D        | Found a burning altar of Makhleb.
    64 | D        | Found a viscous altar of Jiyva.
    64 | D        | Found a shimmering altar of Xom.
    64 | D        | Found a corrupted altar of Lugonu.
    64 | D        | Noticed a slime creature
    76 | D        | Killed a slime creature
    77 | D        | Reached skill level 8 in Axes
    77 | D        | Reached skill level 10 in Armour
    77 | D        | Reached skill level 10 in Shields
    77 | D        | Reached XP level 7. HP: 13/73 MP: 6/6
   296 | D        | Noticed a kobold demonologist
   296 | D        | Noticed a kobold demonologist
   299 | D        | Reached * piety under Okawaru
   300 | D        | Noticed an orange demon
   304 | D        | Noticed a hellwing
   305 | D        | Noticed a rust devil
   306 | D        | Killed a kobold demonologist
   307 | D        | Reached skill level 9 in Axes
   310 | D        | Noticed a soul eater
   313 | D        | Killed a kobold demonologist
   313 | D        | Reached ** piety under Okawaru
   314 | D        | Reached skill level 10 in Axes
   314 | D        | Reached skill level 1 in Dodging
   314 | D        | Reached XP level 8. HP: 43/83 MP: 4/7
   469 | D        | Noticed a centaur warrior
   470 | D        | Noticed a centaur warrior
   480 | D        | Killed a centaur warrior
   481 | D        | Reached skill level 12 in Axes
   484 | D        | Killed a centaur warrior
   484 | D        | Reached *** piety under Okawaru
   485 | D        | Reached skill level 13 in Axes
   485 | D        | Reached XP level 9. HP: 57/93 MP: 5/8
   591 | D        | Noticed Sonja
   604 | D        | Killed Sonja
   604 | D        | Reached **** piety under Okawaru
   605 | D        | Reached skill level 14 in Axes
   605 | D        | Reached skill level 1 in Invocations
   865 | D        | Noticed a deep troll
   870 | D        | Killed a deep troll
   871 | D        | Reached skill level 15 in Axes
  1087 | D        | Found Waptem Jaci's Armour Emporium.
  1149 | D        | Bought the +2 hat of Pylyid {Slay+6 Stlth+} for 686 gold
                  | pieces
  1170 | D        | Found Sokuuzuss's Antique Weapon Boutique.
  1180 | D        | Noticed a shining eye
  1180 | D        | Noticed a shining eye
  1180 | D        | Noticed a shining eye
  1180 | D        | Noticed a shining eye
  1180 | D        | Noticed a shining eye
  1180 | D        | Noticed a shining eye
  1180 | D        | Gained mutation: You sometimes lose your temper in combat.
                  | [a shining eye]
  1181 | D        | Gained mutation: You have an uncontrollable temper. [a
                  | shining eye]
  1182 | D        | Paralysed by a floating eye for 4 turns
  1191 | D        | Killed a shining eye
  1191 | D        | Gained mutation: Armour fits poorly on your strangely
                  | shaped body. [a shining eye]
  1192 | D        | Reached XP level 10. HP: 104/104 MP: 9/11
  1192 | D        | Killed a shining eye
  1192 | D        | Gained mutation: Your spells are a little easier to cast,
                  | but a little less powerful. [a shining eye]
  1192 | D        | Gained mutation: You have hidden genetic defects. [a
                  | shining eye]
  1194 | D        | Gained mutation: You are dopey. (Int -2) [a shining eye]
  1195 | D        | Gained mutation: You occasionally shout uncontrollably at
                  | your foes. [a shining eye]
  1197 | D        | Killed a shining eye
  1197 | D        | Reached ***** piety under Okawaru
  1198 | D        | Gained mutation: You are weak. (Str -2) [a shining eye]
  1199 | D        | Killed a shining eye
  1199 | D        | Killed a shining eye
  1200 | D        | Reached skill level 15 in Fighting
  1200 | D        | Reached skill level 16 in Axes
  1200 | D        | Reached skill level 5 in Invocations
  1202 | D        | Killed a shining eye
  1208 | D        | Paralysed by a floating eye for 3 turns
  1213 | D        | Gained mutation: You have terrible hidden genetic defects.
                  | [hidden defects]
  1214 | D        | Paralysed by a floating eye for 3 turns
  1245 | D        | Noticed a shining eye
  1245 | D        | Noticed a shining eye
  1249 | D        | Gained mutation: Your body sometimes deteriorates upon
                  | taking damage. [a shining eye]
  1252 | D        | Killed a shining eye
  1252 | D        | Received a gift from Okawaru
  1256 | D        | Killed a shining eye
  1257 | D        | Reached skill level 15 in Armour
  1265 | D        | Gained mutation: You do not regenerate when monsters are
                  | visible. [hidden defects]
  1265 | D        | Lost mutation: You have terrible hidden genetic defects.
                  | [hidden defects expressed]
  1275 | D        | Found Keuf's Magic Scroll Shoppe.
  1275 | D        | Found Kyceoxzo's Jewellery Shop.
  1275 | D        | Found Coerr's Antique Weapon Emporium.
  1275 | D        | Found Zouqen's Magic Scroll Boutique.
  1279 | D        | Bought a scroll of identify for 20 gold pieces
  1279 | D        | Bought a scroll of identify for 20 gold pieces
  1375 | D        | Noticed an oklob plant
  1381 | D        | Killed an oklob plant
  1389 | D        | HP: 1/107 [redback (17)]
  1390 | D        | Slain by a redback

Illustrated notes

Levels and vault maps discovered:
D:        dungeon_sprint_1 [red_sonja_temple_1, red_sonja_temple_small_1]

Skill      XL: |  1  2  3  4  5  6  7  8  9 10 |
---------------+-------------------------------+-----
Fighting       | 5 7 9 10 12 13 14 15 | 15.9
Axes           | 3 4 6 8 10 13 15 16 | 16.7
Armour         | 5 6 8 10 11 12 13 15 | 15.2
Shields        | 5 6 8 10 11 12 14 | 14.2
Dodging        | 1 2 3 |  3.3
Invocations    | 3 7 |  7.0

Action                     |  1- 3 |  4- 6 |  7- 9 | 10-12 || total
---------------------------+-------+-------+-------+-------++-------
  Melee: War axe           |     4 |    17 |    39 |    30 ||    90
         Headbutt          |     1 |     5 |     9 |     9 ||    24
 Invoke: Heroism           |       |       |     5 |     2 ||     7
    Use: Potion            |     1 |       |     1 |     1 ||     3
         Scroll            |       |       |       |     2 ||     2
 Armour: Scale mail        |     1 |     3 |    21 |       ||    25
  Dodge: Dodged            |     3 |     3 |    28 |     3 ||    37
  Block: Buckler           |       |     1 |    24 |     2 ||    27
